 Dungeon Crawl Stone Soup version 0.29.0-11-gd7f09526c8 (webtiles) character file.

Game seed: 4683653370029627222

221432 freelancePsychic the Warrior (level 20, -3/127 (162) HPs)
             Began as a Djinni Air Elementalist on Sept 2, 2022.
             Was the Champion of Makhleb.
             Killed from afar by a shadow dragon (37 damage)
             ... with a bolt of negative energy
             ... on level 4 of the Depths.
             The game lasted 00:55:26 (25682 turns).

freelancePsychic the Warrior (DjAE)                Turns: 25682, Time: 00:55:27

HP:   -3/127 (162)  AC: 15    Str: 10    XL:     20   Next: 39%
Gold: 1462          EV: 18    Int: 25    God:    Makhleb [******] SH: 17 Dex: 15

rFire   + + .      SeeInvis .   i - staff of conjuration
rCold   + + .      Faith    .   M - +0 kite shield
rNeg    . . .      Spirit   .   K - +1 troll leather armour
rPois   ∞          Reflect  +   j - +2 helmet
rElec   +          Harm     .   C - +2 cloak
rCorr   .          Rampage  .   a - +1 pair of gloves of Ru's Condemnation {rC++}
Will    ++...                   (boots unavailable)
Stlth   ++........              k - amulet of reflection
HPRegen 1.11/turn               s - ring of protection from cold
MPRegen 0.00/turn               B - ring of Mastriss {rElec Str+3 Slay+4}

@: flying, studying 2 skills, heavily drained
A: sickness immunity, fire resistance 2, cold vulnerability 1, float, innate
caster, HP casting, extra vitality 1
a: Renounce Religion, Minor Destruction, Lesser Servant of Makhleb, Major
Destruction, Greater Servant of Makhleb


You were on level 4 of the Depths.
You worshipped Makhleb.
Makhleb was exalted by your worship.
You visited 2 branches of the dungeon, and saw 19 of its levels.
You visited 1 bazaar.
You also visited: Trove and Bailey.

You collected 1878 gold pieces.
You spent 416 gold pieces at shops.

Inventory:

Hand Weapons
 m - a +2 demon blade of flaming
 S - a +1 lajatang of venom
Missiles
 v - 3 throwing nets
Armour
 a - the +1 pair of gloves of Ru's Condemnation (worn) {rC++}
   (You acquired it on level 15 of the Dungeon)

   rC:        It greatly protects you from cold.
 j - a +2 helmet (worn)
 C - a +2 cloak (worn)
 K - a +1 troll leather armour (worn)
 M - a +0 kite shield (worn)
 R - the +3 faerie dragon scales {Contam Will+ rCorr Slay+3 Stlth+}
   (You took it off the Enchantress on level 2 of the Depths)

   Slay:      It affects your accuracy & damage with ranged weapons and melee
   (+3).
   Contam:    It causes magical contamination when unequipped.
   rCorr:     It protects you from acid and corrosion.
   Will:      It increases your willpower.
   Stlth:     It makes you more stealthy.
 V - the +4 scale mail of the Monkey's Uncle {rN+ Int+3 Stlth+}
   (You found it on level 3 of the Depths)

   Int:       It affects your intelligence (+3).
   rN:        It protects you from negative energy.
   Stlth:     It makes you more stealthy.
Magical Staves
 i - a staff of conjuration (weapon)
Jewellery
 k - an amulet of reflection (around neck)
 o - the macabre finger necklace {rN+}
   (You found it in a treasure trove)

   [amulet of nothing]

   It enables you to equip an extra ring.
   rN:        It protects you from negative energy.
 s - a ring of protection from cold (left hand)
 u - the amulet "Maoseerch" {Rampage rPois Regen+ Int-4}
   (You found it in a treasure trove)

   [amulet of regeneration]

   Int:       It affects your intelligence (-4).
   rPois:     It protects you from poison.
   Regen:     It increases your rate of health regeneration.
   Rampage:   It bestows one free step when moving towards enemies.
 w - a ring of protection from fire
 B - the ring of Mastriss (right hand) {rElec Str+3 Slay+4}
   (You found it in a treasure trove)

   [ring of slaying]

   Str:       It affects your strength (+3).
   Slay:      It affects your accuracy & damage with ranged weapons and melee
   (+4).
   rElec:     It insulates you from electricity.
 G - a ring of wizardry
Wands
 l - a wand of mindburst (14)
 n - a wand of flame (52)
 p - a wand of charming (21)
 A - a wand of iceblast (2)
 D - a wand of acid (9)
 J - a wand of digging (1)
 P - a wand of polymorph (5)
Scrolls
 b - 2 scrolls of amnesia
 e - 2 scrolls of immolation
 f - 3 scrolls of identify {@r1}
 h - 3 scrolls of vulnerability
 r - 11 scrolls of teleportation {@r4}
 t - 4 scrolls of enchant weapon
 y - a scroll of brand weapon
 I - a scroll of fog
 L - 2 scrolls of magic mapping
 N - a scroll of silence
 O - 3 scrolls of poison
 Q - a scroll of enchant armour
 U - a scroll of blinking
Potions
 c - 4 potions of curing {@q1}
 d - a potion of invisibility
 g - 4 potions of resistance
 q - 7 potions of attraction
 x - 3 potions of haste {@q3}
 z - 4 potions of might
 E - 3 potions of brilliance
 F - 2 potions of ambrosia
 H - a potion of cancellation
 T - 2 potions of heal wounds {@q2}
 W - 2 potions of mutation {unknown}
 X - a potion of berserk rage {unknown}


   Skills:
 - Level 20.0 Fighting
 - Level 7.0 Armour
 + Level 14.8 Dodging
 - Level 1.5 Stealth
 - Level 10.7 Shields
 * Level 16.2 Spellcasting
 - Level 6.0 Invocations


You had 3 spell levels left.
You knew the following spells:

 Your Spells              Type           Power      Damage    Failure   Level
a - Spellforged Servitor  Conj/Summ      50%        N/A       8%          7
b - Borgnjor's Vile Clut  Necr/Erth      39%        N/A       1%          5
c - Mephitic Cloud        Conj/Pois/Air  100%       N/A       1%          3
d - Airstrike             Air            39%        2d(6-22)  1%          4
e - Starburst             Conj/Fire      50%        6d14      1%          6
f - Dispel Undead         Necr           79%        3d26      1%          4
g - Swiftness             Air            79%        N/A       1%          3
h - Dispersal             Tloc           39%        N/A       1%          6
i - Shock                 Conj/Air       100%       1d9       0%          1
j - Static Discharge      Conj/Air       100%       3-16/arc  0%          2
k - Passwall              Tmut/Erth      65%        N/A       0%          2
l - Sting                 Tmut/Pois      100%       1d8       0%          1
m - Sticky Flame          Conj/Fire      100%       2d11      1%          4
Your spell library was empty.

Dungeon Overview and Level Annotations

Branches:
Dungeon (15/15)            Temple (0/1) D:4            Lair (0/5) D:10
    Orc (0/2) D:11         Vaults (0/5) D:13         Depths (4/4) D:15
 Bailey (visited)
    Zot: Depths:4

Altars:
Elyvilon
Gozag
Hepliaklqana
Makhleb
Nemelex Xobeh
Ru
Trog
Wu Jian
Yredelemnul
Zin
The Shining One

Shops:
Depths:1 **   Depths:3 *

Portals:
Hell: Depths:1 Depths:2 Depths:3 Depths:4
Abyss: Depths:3
Pandemonium: Depths:1 Depths:2
Ziggurat: Depths:1

Annotations:
D:7 2 transporters, fingers's ghost, novice DrTm
D:12 Urug
Depths:1 3 runed translucent doors, exclusions: downstairs and obsidian statue, Janeylunn's ghost, veteran GnWn


Innate Abilities, Weirdness & Mutations

You are immune to sickness and miasma.
You are immune to poison.
Your flesh is very heat resistant. (rF++)
You are vulnerable to cold. (rC-)
You float through the air rather than walking.
You learn spells naturally, not from books.
Your magical power is your life essence.
You have superior vitality. (+4 MHP)


Message History

Okay, then.
Casting: Borgnjor's Vile Clutch (mildly dangerous; 1% risk of failure)
Confirm with . or Enter, or press ? or * to list all spells.
Aiming: Airstrike (safe; 1% risk of failure)
Press: ? - help, Dir - move target, f/p - storm dragon
Aim: a storm dragon (almost dead, ally target, empty space bonus: 8/8)
The air twists around and strikes the storm dragon!
The storm dragon is almost dead.
* * * LOW HITPOINT WARNING * * *
Casting: Airstrike (safe; 1% risk of failure)
Confirm with . or Enter, or press ? or * to list all spells.
Aiming: Airstrike (safe; 1% risk of failure)
Press: ? - help, Dir - move target, f/p - storm dragon
Aim: a storm dragon (almost dead, ally target, empty space bonus: 8/8)
The air twists around and strikes the storm dragon!
You kill the storm dragon!
Makhleb accepts your kill.
You feel better.
The storm dragon scales are intact enough to wear.
You see here a quicksilver dragon corpse.
You see here a fire dragon corpse.
The green draconian roars!
A shadow dragon comes into view.
Your spellforged servitor waves its arms in wide circles.
The air twists around and strikes the shadow dragon!!
Your spellforged servitor disappears in a puff of smoke!
The shadow dragon breathes negative energy at you.
The bolt of negative energy hits you!!
You feel drained.
* * * LOW HITPOINT WARNING * * *
Okay, then.
Okay, then.
Okay, then.
Casting: Airstrike (safe; 1% risk of failure)
Confirm with . or Enter, or press ? or * to list all spells.
You feel a surge of power!
You summon a servant imbued with your destructive magic!
* * * LOW HITPOINT WARNING * * *
The shadow dragon breathes negative energy at you.
The bolt of negative energy hits you!!!
You feel drained.
You die...

≈≈≈≈~≈≈≈≈≈≈≈≈~....#
≈~~~≈~~#####≈~....#
.......#ddd#≈≈....#
########dd.#≈~....#
#d###≈~D9..#
#.#.~~≈....#
#.~≈~....#
#.~≈~....#
#.~~~..@.#
#.≈≈~..P.#
#.~≈~....#
#.≈≈~....#
#.≈≈~....#
#+###≈~....#
########...#≈~P...#
.......#.d.#≈≈....#
~~~≈~~≈#####≈~....#


You could see a shadow dragon (catching breath, ally target) and a friendly
spellforged servitor (summoned).

Vanquished Creatures
  2 golden dragons
  A bone dragon (Depths:4)
  the Enchantress (Depths:2)
  A tentacled monstrosity (Depths:4)
  A walking divine tome (Depths:1)
  A walking earthen tome (Depths:1)
  A sphinx (Depths:1)
  3 storm dragons (Depths:4)
  2 shadow dragons (Depths:4)
  2 tengu reavers
  An emperor scorpion (shapeshifter) (Depths:3)
  3 fire giants
  3 frost giants
  3 spriggan defenders
  2 very ugly things (Depths:1)
  7 stone giants
  A vampire knight (Depths:1)
  Nessos (D:12)
  2 spark wasps (Depths:4)
  Azrael (D:14)
  A red draconian (Depths:4)
  6 ettins
  A green death (Depths:1)
  A blizzard demon (Depths:4)
  6 fire dragons
  A merfolk impaler (Depths:4)
  Josephine (D:13)
  2 ice dragons
  4 rakshasas (Depths:1)
  5 boulder beetles
  2 hydras (D:13)
  3 vault guards (D:13)
  A hell beast (Depths:4)
  3 spriggan air magi
  4 centaur warriors
  5 deep troll shamans
  A vampire mage (Depths:1)
  5 tengu warriors
  A death knight (D:14)
  2 two-headed ogres
  A hell hog (Depths:4)
  2 deep troll earth magi (Depths:4)
  2 spriggan berserkers
  7 hell knights
  A sixfirhy (Depths:1)
  5 skeletal warriors
  8 iron trolls
  A sea snake (shapeshifter) (Depths:1)
  11 deep trolls
  Lodul (D:14)
  3 glowing orange brains
  3 flayed ghosts
  3 wizards
  2 orc knights (Bailey)
  4 deep elf pyromancers
  2 orc sorcerers (Bailey)
  14 ugly things
  A cyclops (shapeshifter) (Depths:3)
  A manticore (D:12)
  A moth of wrath (D:15)
  Maurice (D:13)
  4 cyclopes
  A smoke demon (Depths:1)
  A gargoyle (D:13)
  A guardian serpent (shapeshifter) (D:11)
  An orange demon (Depths:1)
  2 unseen horrors (D:11)
  A yaktaur (D:11)
  A kobold demonologist (D:9)
  An efreet (D:14)
  2 freezing wraiths (D:14)
  3 tengu conjurers
  2 ice devils (Depths:1)
  A red devil (Depths:1)
  8 trolls
  7 meliai
  4 hornets
  A troll (shapeshifter) (D:14)
  6 water elementals
  A shadow (D:10)
  2 vampires
  5 spriggans
  7 wraiths
  12 yaks
  2 wyverns (D:9)
  A neqoxec (Depths:1)
  4 fire elementals (D:14)
  A chaos spawn (Depths:1)
  5 vampire mosquitoes
  A steam dragon (D:9)
  An acid dragon (D:11)
  2 hell hounds (D:14)
  A water moccasin (D:8)
  5 sky beasts
  6 ice beasts
  2 black bears
  13 orc warriors
  10 ogres
  4 boggarts (D:15)
  6 centaurs
  A phantom (D:7)
  6 kobold brigands
  6 bullfrogs
  4 gnoll sergeants (D:11)
  A necrophage (D:5)
  3 scorpions
  4 killer bees (D:8)
  5 electric eels
  4 howler monkeys
  3 jellies
  4 orc priests
  3 hounds
  Crazy Yiuf (D:7)
  Jessica (D:3)
  2 iguanas
  10 orc wizards
  8 adders
  21 gnolls
  10 river rats (D:5)
  A shadow imp (D:6)
  A white imp (D:7)
  An ufetubus (D:7)
  4 worms
  6 dart slugs
  44 orcs
  5 ball pythons
  5 endoplasms
  5 giant cockroaches
  11 goblins
  5 hobgoblins
  8 jackals
  16 kobolds
  10 quokkas
  4 bats
  A frilled lizard (D:2)
  23 rats
  A spectral orc (D:6)
  5 plants (Depths:4)
559 creatures vanquished.

Vanquished Creatures (collateral kills)
  A juggernaut (Depths:3)
  A golden dragon (Depths:3)
  A titan (Depths:3)
  2 quicksilver dragons (Depths:4)
  2 frost giants
  An iron dragon (Depths:4)
  A red draconian (Depths:4)
  A fire dragon (Depths:4)
  A vault guard (D:13)
  A deep troll shaman (Depths:2)
  A spriggan berserker (Depths:2)
  4 iron trolls
  5 deep trolls
  An efreet (D:11)
  A spriggan (Depths:1)
  A gnoll (D:8)
  A goblin (D:8)
26 creatures vanquished.

Vanquished Creatures (others)
  12 plants
12 creatures vanquished.

Grand Total: 597 creatures vanquished

Notes
Turn   | Place    | Note
-------+----------+-------------------------------------------
     0 | D:1      | freelancePsychic the Djinni Air Elementalist began the
                  | quest for the Orb.
     0 | D:1      | freelancePsychic set off with the following spells
                  | memorised: Shock, Static Discharge, Swiftness, Airstrike.
     0 | D:1      | Reached XP level 1. HP: 15/15 MP: 0/0
   341 | D:1      | Reached XP level 2. HP: 18/22 MP: 0/0
   415 | D:1      | Found a faded altar of an unknown god.
   654 | D:1      | Reached skill level 1 in Fighting
   804 | D:2      | Found a burning altar of Makhleb.
   810 | D:2      | Became a worshipper of Makhleb the Destroyer
   823 | D:2      | Reached XP level 3. HP: 16/27 MP: 0/0
   823 | D:2      | Learned a level 1 spell: Sting
   988 | D:2      | You are sucked into a shaft and drop 2 floors!
  1062 | D:4      | Found an ornate altar of the Wu Jian Council.
  1069 | D:4      | Reached XP level 4. HP: 26/33 MP: 0/0
  1150 | D:4      | Reached skill level 2 in Fighting
  1292 | D:4      | Identified the +3 dagger "Peolo" {vorpal, Str+3}
  1296 | D:4      | Noticed an ogre
  1365 | D:3      | Reached XP level 5. HP: 18/39 MP: 0/0
  1365 | D:3      | Learned a level 2 spell: Passwall
  1474 | D:3      | Reached * piety under Makhleb
  2114 | D:2      | Reached XP level 6. HP: 30/45 MP: 0/0
  2377 | D:3      | Reached skill level 3 in Fighting
  2599 | D:3      | Noticed Jessica
  2601 | D:3      | Killed Jessica
  3459 | D:4      | Reached ** piety under Makhleb
  3569 | D:4      | Found a staircase to the Ecumenical Temple.
  3657 | D:4      | Found a glowing silver altar of Zin.
  3741 | D:5      | Entered Level 5 of the Dungeon
  3747 | D:5      | Noticed an ice beast
  3751 | D:5      | Killed an ice beast
  3752 | D:5      | Reached XP level 7. HP: 39/51 MP: 0/0
  3752 | D:5      | Learned a level 3 spell: Mephitic Cloud
  3851 | D:5      | Reached skill level 5 in Spellcasting
  3854 | D:5      | Reached skill level 4 in Fighting
  4325 | D:5      | Found a burning altar of Makhleb.
  4528 | D:5      | Reached XP level 8. HP: 55/58 MP: 0/0
  5016 | D:5      | Reached *** piety under Makhleb
  5017 | D:5      | Reached skill level 5 in Fighting
  5696 | D:6      | Reached skill level 8 in Fighting
  5696 | D:6      | Reached skill level 10 in Spellcasting
  5696 | D:6      | Reached XP level 9. HP: 65/71 MP: 0/0
  5696 | D:6      | Learned a level 4 spell: Dispel Undead
  5789 | D:6      | Reached skill level 9 in Fighting
  5902 | D:6      | Reached skill level 1 in Invocations
  6504 | D:6      | Found an opulent altar of Gozag.
  6505 | D:6      | Found a sparkling altar of Nemelex Xobeh.
  6509 | D:6      | Reached XP level 10. HP: 74/78 MP: 0/0
  7253 | D:6      | Found a basalt altar of Yredelemnul.
  7698 | D:7      | Reached **** piety under Makhleb
  7887 | D:7      | Noticed fingers's ghost (novice DrTm)
  8071 | D:7      | Noticed a cyclops
  8090 | D:7      | Found a transporter.
  8096 | D:7      | Found a transporter.
  8150 | D:7      | Found a runed translucent door.
  8151 | D:7      | Noticed Crazy Yiuf
  8813 | D:7      | Killed Crazy Yiuf
  9054 | D:8      | Found a flagged portal.
  9221 | Bailey   | Entered a bailey
  9286 | Bailey   | Reached skill level 5 in Invocations
  9361 | Bailey   | Noticed an orc knight
  9378 | Bailey   | Killed an orc knight
  9379 | Bailey   | Reached XP level 11. HP: 85/85 MP: 0/0
  9379 | Bailey   | Learned a level 4 spell: Sticky Flame
  9791 | Bailey   | Noticed an orc knight
  9818 | Bailey   | Killed an orc knight
  9819 | Bailey   | Reached skill level 5 in Dodging
  9899 | Bailey   | Noticed an orc sorcerer
 10323 | Bailey   | Found an iron altar of Okawaru.
 10328 | Bailey   | Noticed an orc sorcerer
 10336 | Bailey   | Killed an orc sorcerer
 10337 | Bailey   | Reached skill level 10 in Fighting
 10439 | Bailey   | Acquired the +0 pair of fencer's gloves {Riposte Dex+3}
 10439 | Bailey   | Found the +0 pair of fencer's gloves {Riposte Dex+3}
 10701 | Bailey   | Killed an orc sorcerer
 10870 | D:8      | Noticed a cyclops
 11092 | D:8      | Reached ***** piety under Makhleb
 11244 | D:8      | Killed a cyclops
 11815 | D:9      | Found a sacrificial altar of Ru.
 11845 | D:9      | Found a hazy altar of Hepliaklqana.
 11990 | D:9      | Reached skill level 11 in Fighting
 11991 | D:9      | Noticed a boulder beetle
 11999 | D:9      | Killed a boulder beetle
 12488 | D:9      | Reached XP level 12. HP: 87/94 MP: 0/0
 12590 | D:10     | Entered Level 10 of the Dungeon
 12851 | D:10     | Found a portal to a secret trove of treasure.
 13074 | D:10     | Noticed a two-headed ogre
 13082 | D:10     | Killed a two-headed ogre
 13468 | D:10     | Found a staircase to the Lair.
 14212 | D:11     | Noticed a two-headed ogre
 14215 | D:11     | Killed a two-headed ogre
 14601 | D:11     | Noticed a centaur warrior
 14610 | D:11     | Killed a centaur warrior
 14867 | D:11     | Reached skill level 12 in Fighting
 14890 | D:11     | Found a staircase to the Orcish Mines.
 15207 | D:12     | Noticed Urug
 15363 | D:12     | Noticed a boulder beetle
 15389 | D:12     | Killed a boulder beetle
 15846 | D:12     | Reached XP level 13. HP: 89/102 MP: 0/0
 15846 | D:12     | Learned a level 5 spell: Borgnjor's Vile Clutch
 16151 | D:12     | Noticed Nessos
 16164 | D:12     | Killed Nessos
 16165 | D:12     | Reached skill level 10 in Dodging
 16292 | D:13     | Noticed a centaur warrior
 16297 | D:13     | Killed a centaur warrior
 16492 | D:13     | Noticed Josephine
 16497 | D:13     | Reached skill level 1 in Shields
 16512 | D:13     | Killed Josephine
 16624 | D:13     | Found a gate to the Vaults.
 16624 | D:13     | Noticed a centaur warrior
 16624 | D:13     | Noticed a vault guard
 16624 | D:13     | Noticed a vault guard
 16624 | D:13     | Noticed a vault guard
 16629 | D:13     | Noticed a vault guard
 16634 | D:13     | Killed a centaur warrior
 16658 | D:13     | Killed a vault guard
 16664 | D:13     | Killed a vault guard
 16667 | D:13     | Killed a vault guard
 16668 | D:13     | Reached skill level 13 in Fighting
 16731 | D:13     | Noticed a centaur warrior
 16742 | D:13     | Killed a centaur warrior
 16780 | D:13     | Noticed a boulder beetle
 16790 | D:13     | Killed a boulder beetle
 16791 | D:13     | Reached skill level 5 in Shields
 16914 | D:13     | Noticed Maurice
 16918 | D:13     | Killed Maurice
 17001 | D:13     | Noticed a boulder beetle
 17010 | D:13     | Killed a boulder beetle
 17045 | D:13     | Noticed a four-headed hydra
 17054 | D:13     | Killed a four-headed hydra
 17106 | D:13     | Noticed a seven-headed hydra
 17123 | D:13     | Killed a seven-headed hydra
 17302 | D:13     | Killed a vault guard
 17615 | D:14     | Reached XP level 14. HP: 72/110 MP: 0/0
 17796 | D:14     | Found a white marble altar of Elyvilon.
 17797 | D:14     | Found a glowing golden altar of the Shining One.
 17799 | D:14     | Found a glowing silver altar of Zin.
 17941 | D:14     | Noticed Azrael
 18069 | D:14     | Killed Azrael
 18273 | D:14     | Noticed Lodul
 18285 | D:14     | Killed Lodul
 18734 | D:15     | Entered Level 15 of the Dungeon
 18843 | D:15     | Reached skill level 14 in Fighting
 18859 | D:15     | Reached ****** piety under Makhleb
 18985 | D:15     | Found a staircase to the Depths.
 19466 | D:15     | Found a bloodstained altar of Trog.
 19475 | D:15     | Identified the +7 flail of Prudence {vorpal, SInv}
 19517 | Depths:1 | Entered Level 1 of the Depths
 19669 | Depths:1 | Reached XP level 15. HP: 96/117 MP: 0/0
 19669 | Depths:1 | Learned a level 6 spell: Dispersal
 19680 | Depths:1 | Reached skill level 10 in Shields
 19793 | D:15     | Acquired the +1 pair of gloves of Ru's Condemnation {rC++}
 19824 | Depths:1 | Found a runed translucent gate.
 19825 | Depths:1 | Found a runed translucent gate.
 19826 | Depths:1 | Found a runed translucent gate.
 19827 | Depths:1 | Found an opulent altar of Gozag.
 19827 | Depths:1 | Found Hosmoz Lido's Assorted Antiques.
 19827 | Depths:1 | Noticed a stone giant
 19828 | Depths:1 | Noticed a fire giant
 19828 | Depths:1 | Noticed Janeylunn's ghost (veteran GnWn)
 19829 | Depths:1 | Found Ustogot's Assorted Antiques.
 19833 | Depths:1 | You are sucked into a shaft and drop 1 floor!
 19859 | Depths:1 | Found a gateway to Hell.
 19982 | Depths:1 | Reached skill level 1 in Armour
 20044 | Depths:1 | Noticed a stone giant
 20047 | Depths:1 | Killed a stone giant
 20187 | Depths:1 | Noticed a stone giant
 20205 | Depths:1 | Noticed a fire giant
 20211 | Depths:1 | Killed a stone giant
 20216 | Depths:1 | Killed a fire giant
 20312 | Depths:1 | Noticed a walking earthen tome
 20339 | Depths:1 | Killed a walking earthen tome
 20446 | Depths:1 | Noticed a golden dragon
 20568 | Depths:1 | Noticed a frost giant
 20579 | Depths:1 | Noticed a frost giant
 20582 | Depths:1 | Killed a frost giant
 20583 | Depths:1 | Noticed a stone giant
 20589 | Depths:1 | Killed a stone giant
 20600 | Depths:1 | Killed a frost giant
 20601 | Depths:1 | Reached skill level 15 in Fighting
 20661 | Depths:1 | Noticed a stone giant
 20778 | D:15     | Killed a stone giant
 21106 | D:10     | You paid a toll of a +6 demon blade to enter a treasure
                  | trove
 21107 | Trove    | Entered a treasure trove
 21138 | Trove    | Found the macabre finger necklace {rN+}
 21142 | Trove    | Identified the amulet "Maoseerch" {Rampage rPois Regen+
                  | Int-4}
 21144 | Trove    | Identified the ring of Mastriss {rElec Str+3 Slay+4}
 21203 | D:10     | Reached skill level 5 in Armour
 21203 | D:10     | Reached XP level 16. HP: 128/128 MP: 0/0
 21204 | D:10     | Reached skill level 16 in Fighting
 21204 | D:10     | Reached XP level 17. HP: 134/134 MP: 0/0
 21204 | D:10     | Learned a level 6 spell: Starburst
 21205 | D:10     | Reached skill level 17 in Fighting
 21205 | D:10     | Reached XP level 18. HP: 142/142 MP: 0/0
 21315 | Depths:1 | Killed a golden dragon
 21462 | Depths:1 | Identified the +9 flail of Suda {vorpal, Str+4 Int-5 SInv}
 21469 | Depths:1 | HP: 1/144 [spriggan defender/the +9 flail of Suda {vorpal,
                  | Str+4 Int-5 SInv} (8)]
 21487 | Depths:1 | Noticed a walking divine tome
 21603 | Depths:1 | Killed a walking divine tome
 21729 | Depths:1 | Reached XP level 19. HP: 140/150 MP: 0/0
 21729 | Depths:1 | Learned a level 7 spell: Spellforged Servitor
 21749 | Depths:1 | Found a one-way gateway to a ziggurat.
 21757 | Depths:1 | Reached skill level 18 in Fighting
 21854 | Depths:1 | Found a gateway to a bazaar.
 22065 | Depths:1 | Found a glowing golden altar of the Shining One.
 22221 | Depths:1 | Found a one-way gate leading to the halls of Pandemonium.
 22354 | Depths:2 | Noticed the Enchantress
 22526 | Bazaar   | Entered a bazaar
 22547 | Bazaar   | Found Kialenuk's Book Shoppe.
 22547 | Bazaar   | Found Lawueth's Weapon Emporium.
 22569 | Bazaar   | Found Aceonaiwk's Antique Weapon Shoppe.
 22569 | Bazaar   | Found Ido Vaiq's Armour Emporium.
 22591 | Bazaar   | Found Lais's Antique Weapon Emporium.
 22644 | Bazaar   | Bought a twisted hand axe for 208 gold pieces
 22644 | Bazaar   | Identified the +8 hand axe of Slime {freeze, rPois rF+ rN+}
                  | (You bought it in a shop in a bazaar)
 22644 | Bazaar   | Bought an encrusted spear for 208 gold pieces
 22644 | Bazaar   | Identified the +2 spear of Gluttony {freeze, Int+3} (You
                  | bought it in a shop in a bazaar)
 22676 | Depths:1 | Acquired a manual of Dodging
 22803 | Depths:2 | Killed the Enchantress
 23371 | Depths:2 | Found an ornate altar of the Wu Jian Council.
 23594 | Depths:3 | Reached skill level 19 in Fighting
 23604 | Depths:3 | Noticed a golden dragon
 23606 | Depths:3 | Noticed a titan
 23631 | Depths:3 | Reached skill level 15 in Spellcasting
 23634 | Depths:3 | Killed a golden dragon
 23638 | Depths:3 | Killed a titan
 23788 | Depths:3 | Noticed a juggernaut
 23826 | Depths:3 | Killed a juggernaut
 23878 | Depths:3 | Identified the +4 scale mail of the Monkey's Uncle {rN+
                  | Int+3 Stlth+}
 24118 | Depths:3 | Found Fusefane's Blood Bar.
 24443 | Depths:3 | Found a one-way gate to the infinite horrors of the Abyss.
 24664 | Depths:4 | Entered Level 4 of the Depths
 24918 | Depths:4 | Reached XP level 20. HP: 124/162 MP: 0/0
 25081 | Depths:4 | Noticed a bone dragon
 25113 | Depths:4 | Killed a bone dragon
 25132 | Depths:4 | Reached skill level 20 in Fighting
 25190 | Depths:4 | Noticed a golden dragon
 25209 | Depths:4 | Killed a golden dragon
 25523 | Depths:4 | Noticed a tentacled monstrosity
 25532 | Depths:4 | Killed a tentacled monstrosity
 25682 | Depths:4 | Killed from afar by a shadow dragon

Illustrated notes

Levels and vault maps discovered:
D:1:      saegor_arrival_simple_c, layout_basic,
          hellmonk_ecumenical_altar_pennies_from_heaven, st_stairs_13
D:2:      layout_basic, basic_altar
D:3:      layout_basic, kennysheep_jessica_study
D:4:      layout_cave_pools, zin_treasury, grunt_temple_overflow_open,
          minmay_temple_entry_metal_lava
D:5:      lemuel_ratsnest, layout_loops_cross, mainiacjoe_overflow_alcove_4
D:6:      layout_loops_corners, grunt_temple_overflow_opulence,
          yredelemnul_forgotten_temple_becter, dreamdust_princess_corridor,
          minmay_small_thing
D:7:      layout_loops_corners, nzn_ghost_randoct, uniq_crazy_yiuf_cottage
D:8:      layout_cave_pools, enter_bailey_3, ebering_dispersal_statue_hall
D:9:      layout_basic, mainiacjoe_overflow_catwalk_spiral
D:10:     layout_loops_ring, lair_entry_dummy, enter_trove_0,
          grunt_ministairs_3, serial_bayou_lake_a
D:11:     layout_cave_pools, kennysheep_orc_monster_closet_entryway,
          minivault_20, grunt_tough_drop
D:12:     layout_roguey, uniq_urug, uniq_nessos
D:13:     layout_basic, lightli_vaults_fourway_checkpoint, st_stairs_6,
          uniq_maurice, uniq_josephine
D:14:     layout_loops_ring, good_gods_temple_1, serial_park_tiny_1,
          uniq_azrael, uniq_lodul
D:15:     hangedman_depths_entry_civil_slaughter, layout_rooms,
          small_statue_alley_a, tgw_trog
Depths:1: minmay_the_grid_four_pointed_star
          [minmay_the_grid_triangle_9x9_warning,
          minmay_the_grid_triangle_9x9_limited_checkers,
          minmay_the_grid_triangle_9x9_impossible_snake,
          minmay_the_grid_triangle_9x9_semitri,
          minmay_the_grid_prize_shrinking_boxes], layout_twisted_cross,
          enter_ziggurat_e, grunt_pan_entry_zigzag, hell_entry,
          ebering_ghost_gozag, serial_shops, statue_bzr, serial_bayou_pond_b,
          minivault_16, st_stairs_4, tso_altar
Depths:2: nicolae_BIG_FREAKIN_CUBE, layout_gridville, pan_entry,
          infiniplex_staircase_river, hangedman_coc_ice_floe,
          nicolae_wu_jian_wuxing_cycle, uniq_enchantress
Depths:3: minmay_containers, layout_basic, minmay_misc_feat_tower,
          hangedman_abyss_entry_splay, hell_entry, guppyfry_shop_blood
Depths:4: lemuel_castle_with_subvaults [lemuel_castle_interior_original],
          layout_honeycomb, nicolae_sextant, abyss_entry_glasseish,
          grunt_mini_vestibule, serial_bayou_shore_a

Skill      XL: |  1  2  3  4  5  6  7  8  9 10 11 12 13 14 15 16 17 18 19 20 |
---------------+-------------------------------------------------------------+-----
Fighting       | 1 2 3 4 8 9 11 12 13 14 15 16 17 19 20 | 20.0
Spellcasting   | 3 4 5 10 11 12 13 14 15 16 | 16.2
Invocations    | 2 5 6 |  6.0
Dodging        | 4 7 9 10 13 14 | 14.8
Shields        | 6 9 10 | 10.7
Armour         | 5 6 7 |  7.0
Stealth        | |  1.5

Action                   |  1- 3 |  4- 6 |  7- 9 | 10-12 | 13-15 | 16-18 | 19-21 || total
-------------------------+-------+-------+-------+-------+-------+-------+-------++-------
Melee: Staff             |       |       |       |       |    11 |       |       ||    11
 Cast: Shock             |    44 |   126 |    89 |     6 |       |       |       ||   265
       Static Discharge  |       |     6 |    31 |    12 |     2 |       |       ||    51
       Swiftness         |       |     1 |       |       |       |     1 |       ||     2
       Mephitic Cloud    |       |       |     4 |    24 |     9 |       |       ||    37
       Airstrike         |       |       |     2 |   296 |   281 |    15 |   155 ||   749
       Sticky Flame      |       |       |       |     8 |     1 |       |       ||     9
       Borgnjor's Vile C |       |       |       |       |   143 |    21 |   140 ||   304
       Dispel Undead     |       |       |       |       |    27 |       |     9 ||    36
       Dispersal         |       |       |       |       |     5 |       |     4 ||     9
       Starburst         |       |       |       |       |       |    17 |    19 ||    36
       Spellforged Servi |       |       |       |       |       |       |    27 ||    27
Invok: Lesser Servant of |       |       |       |     5 |     7 |       |     1 ||    13
Evoke: Wand              |       |       |       |       |     1 |       |     2 ||     3
  Use: Scroll            |     4 |     4 |     5 |    12 |    16 |     1 |     2 ||    44
       Potion            |       |     1 |     1 |     1 |     2 |     3 |     3 ||    11
 Stab: Confused          |       |       |       |     1 |       |       |       ||     1
Armor: Robe              |     1 |     3 |     5 |     7 |       |       |       ||    16
       Troll leather arm |       |       |       |       |    39 |     2 |    16 ||    57
Dodge: Dodged            |     6 |     9 |    14 |    34 |    67 |     3 |    47 ||   180
Block: Other             |       |     7 |     4 |     8 |     3 |       |       ||    22
       Reflection        |       |     3 |       |     3 |    13 |       |     1 ||    20
       Kite shield       |       |       |       |       |    98 |     3 |    48 ||   149
       Rpst.: Staff      |       |       |       |     2 |    24 |       |       ||    26
